 Dungeon Crawl Stone Soup version 0.24-a0-458-gfcb5e6da0e (webtiles) character file.

Game seed: 17657076009286357909

147102 Craser22 the Executioner (level 16, -12/235 HPs)
             Began as a Minotaur Berserker on June 27, 2019.
             Was the Champion of Trog.
             Hit by a silver javelin thrown by a merfolk javelineer (21 damage)
             ... on level 4 of the Shoals.
             The game lasted 03:05:58 (27469 turns).

Craser22 the Executioner (Minotaur Berserker)      Turns: 27469, Time: 03:06:01

Health: -12/235    AC: 23    Str: 29    XL:     16   Next: 91%
Magic:  0/15       EV: 15    Int:  6    God:    Trog [******]
Gold:   2084       SH:  0    Dex: 22    Spells: 15/15 levels left

rFire    . . .     SeeInvis +   a - +4 executioner's axe (venom)
rCold    + + .     Gourm    .   (shield currently unavailable)
rNeg     . . .     Faith    .   X - +2 chain mail {MR+}
rPois    .         Spirit   +   x - +1 hat
rElec    .         Reflect  .   M - scarf {Spirit}
rCorr    +         Harm     .   I - +1 pair of gloves of Shadows and Fog {Dex+7}
MR       +++..                  r - +2 pair of boots
Stlth    ..........             l - amulet of regeneration
HPRegen  0.89/turn              p - ring "Pex Veug" {+Blink rC++ rCorr SInv}
MPRegen  0.14/turn              n - ring of protection from magic

@: berserking, barbed spikes, very quick
A: retaliatory headbutt, horns 2, blurry vision 1, clever 1, MP-powered wands
a: Berserk, Trog's Hand, Brothers in Arms, Renounce Religion, Evoke Blink


You were on level 4 of the Shoals.
You worshipped Trog.
Trog was exalted by your worship.
You were near starving.

You visited 4 branches of the dungeon, and saw 27 of its levels.

You collected 2981 gold pieces.
You spent 897 gold pieces at shops.


Innate Abilities, Weirdness & Mutations

You reflexively headbutt those who attack you in melee.
You have a pair of horns on your head.
Scrolls take you a little longer to read.
Your mind is acute. (Int +2)
You expend magic power (3 MP) to strengthen your wands.


   Skills:
 + Level 17.7 Fighting
 + Level 23.8 Axes
 + Level 16.2 Armour
 + Level 6.9 Dodging


You had 15 spell levels left.
You didn't know any spells.
Your spell library was empty.

Inventory:

Hand Weapons
 a - a +4 executioner's axe of venom (weapon)
 b - a +3 great mace of draining
Missiles
 h - 5 throwing nets {=f}
 q - 57 boomerangs (quivered)
 Q - 5 curare-tipped darts {=f}
 W - 10 boomerangs of dispersal {=f}
Armour
 r - a +2 pair of boots (worn)
 x - a +1 hat (worn)
 I - the +1 pair of gloves of Shadows and Fog (worn) {Dex+7}

   It affects your dexterity (+7).
 K - a +2 ring mail of fire resistance
 M - a scarf of spirit shield (worn)
 P - a +2 chain mail of cold resistance
 X - a +2 chain mail of magic resistance (worn)
 Y - the +0 pair of gloves of Dice, Bag, and Bottle {MR++}

   It affects your resistance to hostile enchantments.
Jewellery
 f - an uncursed ring of fire
 k - an uncursed ring of stealth {unknown}
 l - an amulet of regeneration (around neck)
 n - a ring of protection from magic (right hand)
 p - the ring "Pex Veug" (left hand) {+Blink rC++ rCorr SInv}

   [ring of resist corrosion]

   It greatly protects you from cold.
   It lets you see invisible.
   It lets you blink.
   It provides partial protection from all sources of acid and corrosion.
 y - an uncursed ring of flight
 A - an uncursed ring of resist corrosion
 R - an uncursed ring of fire
 T - an uncursed ring of protection from cold
 V - a +3 ring of strength
Wands
 v - a wand of digging (8)
Scrolls
 d - 9 scrolls of teleportation {@r4}
 e - 9 scrolls of identify {@r1}
 i - 7 scrolls of remove curse
 o - 4 scrolls of blinking
 s - 5 scrolls of magic mapping
 t - 4 scrolls of fog
 u - 7 scrolls of enchant weapon
 C - 4 scrolls of noise {!r}
 D - a scroll of summoning
 G - 3 scrolls of fear
 J - 3 scrolls of enchant armour
 L - a scroll of brand weapon
 N - a scroll of silence {!r}
 S - 2 scrolls of torment {!r}
 Z - a scroll of immolation {!r}
Potions
 g - a potion of magic
 j - 6 potions of heal wounds {@q2}
 w - 2 potions of lignification {!q}
 z - 4 potions of agility
 B - 6 potions of haste {@q3}
 E - 2 potions of flight
 F - a potion of might
 H - 4 potions of resistance
 O - 4 potions of curing {@q1}
 U - a potion of ambrosia
Comestibles
 c - 60 rations

Dungeon Overview and Level Annotations

Branches:
Dungeon (15/15)            Temple (0/1) D:5            Lair (6/6) D:9
 Shoals (4/4) Lair:2        Snake (0/4) Lair:3        Slime (0/5) Lair:5
    Orc (2/2) D:10            Elf (0/3) Orc:2        Vaults (0/5) D:13
 Depths (0/5) D:15

Altars:
Dithmenos
Elyvilon
Fedhas
Hepliaklqana
Kikubaaqudgha
Makhleb
Nemelex Xobeh
Okawaru
Qazlal
Ru
Trog
Uskayaw
Zin
The Shining One

Shops:
D:9 (   D:11 ??!   Orc:2 *!::[   Shoals:1 *

Portals:
Pandemonium: Orc:2

Annotations:
D:5 clear 1-5
D:8 Clear 6-8
D:10 Clear 9-10
D:12 2 transporters, Peloso's ghost, journeyman MiFi
Lair:4 3 runed translucent doors - mage ghost, 14hydra, 12 hydra, Niystymau's ghost, journeyman DrAE
Orc:1 missing stairs

▒≈≈≈.....≈▒ ≈. .≈ ▒▒.≈≈≈≈≈≈▒
▒▒≈≈......▒ ▒.▒.▒. ▒≈.≈≈≈≈≈≈▒
▒▒▒▒≈≈≈......▒ ...≈. ▒▒.E≈≈≈≈≈▒
▒▒≈▒▒≈≈......l▒▒..▒ ▒▒..≈≈≈≈≈≈▒
≈≈≈≈..........).▒▒ ▒..≈≈≈≈≈≈≈▒
≈≈≈≈.......m....(▒▒▒▒▒▒≈.≈≈≈≈≈≈≈▒
≈≈≈≈............)......≈.≈≈≈≈≈≈≈▒
≈≈≈≈.............m(......≈≈≈≈≈≈≈▒
≈≈≈.............H......≈≈≈≈≈≈≈≈≈▒
≈≈....................≈≈≈≈≈≈≈≈≈≈▒
.......≈.............≈≈≈≈≈≈≈≈≈≈≈▒
.).....≈≈≈≈..........≈≈≈≈≈≈≈≈≈≈≈
.....≈≈≈≈≈≈≈........≈≈≈≈≈≈≈≈≈≈≈
≈≈≈≈≈≈≈≈▒▒≈▒▒≈▒.....≈≈≈≈≈≈≈≈≈≈
≈≈≈≈≈≈≈≈▒▒▒▒▒▒▒≈....≈≈≈≈≈≈≈≈≈
≈≈≈≈≈≈▒▒/≈≈▒▒≈▒▒▒..≈≈≈≈≈≈≈≈≈
▒≈≈≈≈≈≈▒≈≈≈≈≈≈≈▒≈..≈≈≈≈≈≈≈≈


You could see a merfolk javelineer, a wind drake and a merfolk.


Message History

Trog accepts your kill.
You gasp with relief as air once again reaches your lungs.
You carve the manticore like a ham!!!
You feel the power of Trog in you as your rage grows.
You kill the manticore!
Trog accepts your kill.
The barbed spikes dig painfully into your body as you move.
* * * LOW HITPOINT WARNING * * *
The merfolk barely misses you.
The merfolk javelineer throws a silver javelin.
The silver javelin pierces through you!!
* * * LOW HITPOINT WARNING * * *
The silver sears you!
* * * LOW HITPOINT WARNING * * *
The silver javelin pierces through the merfolk!
Things that are here:
a +3 rapier of draining a +0 robe You closely miss the merfolk.
You headbutt the merfolk!!
The merfolk is severely wounded.
You slash the merfolk!
The merfolk is poisoned.
Your headbutt misses the merfolk.
The merfolk is almost dead.
The wind drake exhales a fierce blast of wind!
You are blown backwards!
The merfolk javelineer throws a silver javelin.
The silver javelin pierces through you!!
You die...

Action                   |  1- 3 |  4- 6 |  7- 9 | 10-12 | 13-15 | 16-18 || total
-------------------------+-------+-------+-------+-------+-------+-------++-------
Melee: Hand axe          |    74 |    90 |   305 |       |       |       ||   469
       Headbutt          |    11 |    20 |    83 |   130 |   282 |   102 ||   628
       Battleaxe         |       |       |    23 |   337 |       |       ||   360
       Executioner's axe |       |       |       |    66 |   940 |   326 ||  1332
       Great mace        |       |       |       |       |    11 |       ||    11
Throw: Boomerang         |       |       |       |       |    41 |     6 ||    47
       Stone             |       |       |       |       |     4 |       ||     4
Invok: Berserk           |       |     1 |     4 |    10 |     9 |     7 ||    31
 Abil: Evoke Blink       |       |       |       |       |     3 |       ||     3
  Use: Scroll            |       |     5 |     3 |    13 |    14 |       ||    35
       Potion            |       |       |     7 |     6 |       |     2 ||    15
 Stab: Distracted        |       |     1 |       |       |       |       ||     1
       Petrified         |       |       |       |       |     2 |       ||     2
       Petrifying        |       |       |       |       |       |     1 ||     1
  Eat: Chunk             |     3 |     3 |    13 |    26 |    39 |    17 ||   101
       Ration            |       |       |       |     1 |     2 |     1 ||     4
Armor: Animal skin       |    11 |     4 |       |       |       |       ||    15
       Chain mail        |       |    38 |    93 |    37 |   576 |   198 ||   942
       Plate armour      |       |       |    14 |   182 |       |       ||   196
Dodge: Dodged            |    37 |    40 |    83 |   119 |   432 |   218 ||   929

Levels and vault maps discovered:
D:1:      lightli_molten_gateway, layout_basic
D:2:      layout_basic, lemuel_round_altar, fedhas_ov_isle_minmay, first_ration
D:3:      layout_loops_ring, old_standard_altar, hangedman_abyss_or_decor_stabs
D:4:      layout_rooms, elyvilon_altar_4, overflow_temple_1_default
D:5:      layout_gridville, minmay_temple_entry_hall, basic_altar, uniq_edmund,
          uniq_menkaure
D:6:      minmay_opposing_rooms, layout_loops_ring
D:7:      layout_cave_pods, nicolae_overflow_crystal_walls,
          gammafunk_temple_overflow_claw, minmay_microvault, uniq_duvessa,
          uniq_harold
D:8:      layout_basic, nicolae_ru_awakened_eye, uniq_joseph, uniq_grum
D:9:      layout_roguey, old_standard_altar, lair_entry_dummy, basic_altar,
          ebering_ghost_disaster_area, serial_shops, nicolae_shop_behind_doors,
          grunt_livestock
D:10:     layout_basic, david_orc_3, basic_altar, minmay_misc_feat_cross,
          uniq_erica, uniq_snorg
D:11:     layout_gridville, serial_shops, shop, shop, nicolae_shop_trees,
          shop_scrolls, basic_altar
D:12:     layout_roguey, gammafunk_ghost_mausoleum, grunt_ministairs_4,
          minmay_checkerbox, uniq_urug
D:13:     layout_roguey, david_vaults_2
D:14:     layout_long_grid, hex_tiny
D:15:     grunt_enter_depths_giant_problem, layout_cross,
          grunt_decor_mini_mirrors
Lair:1:   layout_cave_pods, beast_lair_carwin_11
Lair:2:   layout_hall_layers, minmay_shoals_entry_lonely_mermaid, uniq_gastronok
Lair:3:   layout_gridlike, minmay_snake_entry_six_corridors, uniq_rupert
Lair:4:   layout_roguey, gammafunk_ghost_hydra_chop
Lair:5:   layout_regular_city, nicolae_slime_entry_slimehenge, uniq_josephine
Lair:6:   evilmike_catoblepas_cave, layout_loops_ring
Shoals:1: layout_shoals, serial_shops, shop
Shoals:2: layout_shoals
Shoals:3: layout_shoals, argonaut_gorgonesque, uniq_polyphemus, uniq_ilsuiw,
          uniq_kirke, uniq_nikola
Shoals:4: shoals_end_grunt_ice, layout_shoals, shoals_ilsuiw_alternative
Orc:1:    layout_caves, uniq_nergalle
Orc:2:    pf_orc_diabolical, layout_diamond_mine, serial_shops, shop

Notes
Turn   | Place    | Note
-------+----------+-------------------------------------------
     0 | D:1      | Craser22 the Minotaur Berserker began the quest for the
                  | Orb.
     0 | D:1      | Reached XP level 1. HP: 19/19 MP: 0/0
   116 | D:1      | Reached skill level 4 in Axes
   124 | D:1      | Reached XP level 2. HP: 17/26 MP: 1/1
   969 | D:1      | Reached skill level 5 in Axes
   976 | D:1      | Reached ** piety under Trog
  1214 | D:2      | HP: 1/26 [worm (3)]
  1215 | D:2      | Reached XP level 3. HP: 1/31 MP: 2/2
  1620 | D:2      | Found a blossoming altar of Fedhas.
  1692 | D:2      | Found a hazy altar of Hepliaklqana.
  1743 | D:2      | Reached XP level 4. HP: 39/39 MP: 3/3
  1916 | D:2      | Reached skill level 6 in Axes
  2268 | D:3      | Found a glowing silver altar of Zin.
  2645 | D:4      | Found a white marble altar of Elyvilon.
  2656 | D:4      | Noticed a centaur
  2663 | D:4      | Reached skill level 7 in Axes
  2663 | D:4      | Reached XP level 5. HP: 36/45 MP: 4/4
  2673 | D:4      | Killed a centaur
  2737 | D:4      | Found an iron altar of Okawaru.
  2762 | D:4      | Reached skill level 8 in Axes
  2762 | D:4      | Reached XP level 6. HP: 46/51 MP: 5/5
  2822 | D:4      | Reached *** piety under Trog
  2888 | D:5      | Entered Level 5 of the Dungeon
  2894 | D:5      | Reached skill level 9 in Axes
  2967 | D:5      | Noticed a yak
  2968 | D:5      | Noticed a yak
  2970 | D:5      | Noticed a yak
  2971 | D:5      | Noticed a yak
  2977 | D:5      | Killed a yak
  2977 | D:5      | Reached XP level 7. HP: 26/57 MP: 6/6
  2980 | D:5      | Killed a yak
  2980 | D:5      | Reached skill level 10 in Axes
  2983 | D:5      | Killed a yak
  2983 | D:5      | HP: 7/85 [yak (6)]
  2984 | D:5      | Killed a yak
  2984 | D:5      | Reached skill level 11 in Axes
  3026 | D:5      | Reached XP level 8. HP: 21/64 MP: 7/7
  3130 | D:5      | Reached skill level 12 in Axes
  3267 | D:5      | Noticed Menkaure
  3274 | D:5      | Killed Menkaure
  3458 | D:5      | Found a staircase to the Ecumenical Temple.
  3463 | D:5      | Noticed Edmund
  3468 | D:5      | Killed Edmund
  3468 | D:5      | Reached skill level 13 in Axes
  3534 | D:5      | Found a shadowy altar of Dithmenos.
  3657 | D:5      | Reached **** piety under Trog
  4239 | D:5      | Identified 2 potions of resistance
  4243 | D:5      | Gained mutation: You expend magic power (3 MP) to
                  | strengthen your wands. [potion of mutation]
  4243 | D:5      | Gained mutation: Your mind is acute. (Int +2) [potion of
                  | mutation]
  4320 | D:6      | Reached XP level 9. HP: 70/70 MP: 8/8
  4364 | D:6      | Reached skill level 14 in Axes
  4472 | D:6      | Reached skill level 4 in Fighting
  4574 | D:6      | Reached skill level 3 in Armour
  4763 | D:6      | Noticed a kobold demonologist
  4771 | D:6      | Reached skill level 4 in Armour
  4772 | D:6      | Killed a kobold demonologist
  4772 | D:6      | Reached skill level 5 in Fighting
  4773 | D:6      | Reached skill level 5 in Armour
  4876 | D:6      | Reached skill level 6 in Fighting
  4889 | D:6      | Reached ***** piety under Trog
  5087 | D:7      | Reached skill level 6 in Armour
  5089 | D:7      | Noticed Dowan
  5095 | D:7      | Killed Dowan
  5236 | D:7      | Reached skill level 7 in Fighting
  5327 | D:7      | Found a sparkling altar of Nemelex Xobeh.
  5362 | D:7      | Reached skill level 7 in Armour
  5431 | D:7      | Reached XP level 10. HP: 85/88 MP: 9/9
  5438 | D:7      | Got a pair of ichor-stained gloves
  5540 | D:7      | Found a stormy altar of Qazlal.
  5540 | D:7      | Found a burning altar of Makhleb.
  5541 | D:7      | Found a bloodstained altar of Trog.
  5673 | D:7      | Noticed Harold
  5688 | D:7      | Killed Harold
  5702 | D:7      | Identified the +1 pair of gloves of Shadows and Fog {Dex+7}
                  | (You found it on level 7 of the Dungeon)
  5906 | D:8      | Found a sacrificial altar of Ru.
  6068 | D:8      | Reached skill level 15 in Axes
  6127 | D:8      | Noticed Grum
  6138 | D:8      | Killed Grum
  6205 | D:8      | Noticed Joseph
  6211 | D:8      | Killed Joseph
  6442 | D:8      | Noticed a two-headed ogre
  6448 | D:8      | Killed a two-headed ogre
  6448 | D:8      | Reached skill level 16 in Axes
  6459 | D:8      | Received a gift from Trog
  6732 | D:9      | Found a staircase to the Lair.
  6860 | D:9      | Found a glowing golden altar of the Shining One.
  6909 | D:9      | Found an ancient bone altar of Kikubaaqudgha.
  7134 | D:9      | Reached XP level 11. HP: 56/94 MP: 10/10
  7194 | D:9      | Found a large runed translucent door.
  7194 | D:9      | Found a large runed translucent door.
  7195 | D:9      | Noticed SkaryMonk's ghost (novice OpSu)
  7227 | D:9      | Reached skill level 17 in Axes
  7259 | D:9      | Found Ojuobli's Weapon Shop.
  7388 | D:9      | Killed SkaryMonk's ghost
  7460 | D:10     | Entered Level 10 of the Dungeon
  7544 | D:10     | Noticed Erica
  7557 | D:10     | Killed Erica
  7635 | D:10     | Noticed a two-headed ogre
  7643 | D:10     | Killed a two-headed ogre
  7643 | D:10     | Reached skill level 18 in Axes
  7775 | D:10     | Found a staircase to the Orcish Mines.
  7925 | D:10     | Noticed Snorg
  7934 | D:10     | Killed Snorg
  8104 | D:10     | Found a hide-covered altar of Uskayaw.
  8118 | D:10     | Received a gift from Trog
  8262 | Lair:1   | Entered Level 1 of the Lair of Beasts
  8383 | Lair:1   | Reached skill level 19 in Axes
  9392 | Lair:2   | Reached XP level 12. HP: 90/101 MP: 11/11
  9525 | Lair:2   | Noticed Gastronok
  9534 | Lair:2   | Killed Gastronok
  9534 | Lair:2   | Reached skill level 20 in Axes
  9699 | Lair:2   | Reached skill level 8 in Fighting
  9823 | Lair:2   | Found a staircase to the Shoals.
 10054 | Lair:3   | Reached skill level 8 in Armour
 10086 | Lair:3   | Found a staircase to the Snake Pit.
 10103 | Lair:3   | Reached skill level 9 in Fighting
 10483 | Lair:3   | Noticed Rupert
 10493 | Lair:3   | Killed Rupert
 10493 | Lair:3   | Reached skill level 9 in Armour
 10749 | Lair:3   | Reached skill level 10 in Fighting
 10991 | Lair:4   | Reached skill level 10 in Armour
 11086 | Lair:4   | Found a runed translucent gate.
 11087 | Lair:4   | Found a runed translucent gate.
 11088 | Lair:4   | Found a runed translucent gate.
 11089 | Lair:4   | Noticed a 14-headed hydra
 11089 | Lair:4   | Noticed a 12-headed hydra
 11090 | Lair:4   | Noticed Niystymau's ghost (journeyman DrAE)
 11422 | Lair:4   | Reached ****** piety under Trog
 11779 | Lair:5   | Reached XP level 13. HP: 102/115 MP: 9/12
 11782 | Lair:5   | Received a gift from Trog
 11787 | Lair:5   | Reached skill level 11 in Fighting
 11986 | Lair:5   | Reached skill level 11 in Armour
 12134 | Lair:5   | Found a staircase to the Slime Pits.
 12313 | Lair:5   | Noticed Josephine
 12319 | Lair:5   | Killed Josephine
 12785 | Lair:6   | Entered Level 6 of the Lair of Beasts
 12966 | Lair:6   | Reached skill level 12 in Fighting
 13132 | Lair:6   | Reached skill level 12 in Armour
 13164 | Lair:6   | Reached skill level 21 in Axes
 13476 | Lair:6   | Received a gift from Trog
 13482 | Lair:6   | Reached XP level 14. HP: 99/127 MP: 11/13
 13671 | Lair:6   | Reached skill level 13 in Fighting
 14365 | Orc:1    | Entered Level 1 of the Orcish Mines
 14438 | D:10     | Reached skill level 13 in Armour
 14954 | Orc:2    | Entered Level 2 of the Orcish Mines
 15182 | Orc:1    | Noticed Nergalle
 15193 | Orc:2    | Killed Nergalle
 15621 | Orc:2    | Noticed an orc warlord
 15634 | Orc:2    | Killed an orc warlord
 15769 | Orc:2    | Found Refa's Book Shop.
 15953 | Orc:2    | Found Uned's General Store.
 16082 | Orc:2    | Found Feqeheru's Distillery.
 16097 | Orc:2    | Gained mutation: Scrolls take you a little longer to read.
                  | [a neqoxec]
 16160 | Orc:2    | Received a gift from Trog
 16172 | Orc:2    | Reached skill level 14 in Fighting
 16233 | Orc:2    | Bought a potion of curing for 51 gold pieces
 16233 | Orc:2    | Bought a potion of heal wounds for 85 gold pieces
 16280 | Orc:2    | Found a staircase to the Elven Halls.
 16768 | Orc:2    | Reached skill level 14 in Armour
 16776 | Orc:2    | Found Iclebu's Book Boutique.
 16776 | Orc:2    | Found a one-way gate leading to the halls of Pandemonium.
 16776 | Orc:2    | Found Orpheam's Antique Armour Shop.
 16943 | Orc:2    | Reached skill level 22 in Axes
 17155 | Orc:2    | Bought a scroll of teleportation for 54 gold pieces
 17155 | Orc:2    | Bought a scroll of identify for 36 gold pieces
 17184 | Orc:2    | Bought a pair of smoking gloves for 275 gold pieces
 17186 | Orc:2    | Identified the cursed +0 pair of gloves of Dice, Bag, and
                  | Bottle {MR++} (You bought it in a shop on level 2 of the
                  | Orcish Mines)
 17389 | D:11     | Found a burning altar of Makhleb.
 17440 | D:11     | Found Tuejuaqy's Distillery.
 17548 | D:11     | Found Waumett's Book Emporium.
 17839 | D:11     | Found Narreeb's Magic Scroll Shoppe.
 17848 | D:11     | Bought a scroll of identify for 36 gold pieces
 17848 | D:11     | Bought a scroll of magic mapping for 63 gold pieces
 17848 | D:11     | Bought a scroll of blinking for 135 gold pieces
 17848 | D:11     | Bought a scroll of identify for 36 gold pieces
 17848 | D:11     | Bought a scroll of identify for 36 gold pieces
 17995 | D:11     | Found Beus's Magic Scroll Emporium.
 18003 | D:11     | Bought a scroll of magic mapping for 42 gold pieces
 18003 | D:11     | Bought a scroll of identify for 24 gold pieces
 18003 | D:11     | Bought a scroll of identify for 24 gold pieces
 18133 | D:12     | Noticed Urug
 18143 | D:12     | Killed Urug
 18256 | D:12     | Reached XP level 15. HP: 129/139 MP: 12/14
 18268 | D:12     | Got a brightly glowing silver ring
 18473 | D:12     | Noticed Peloso's ghost (journeyman MiFi)
 18477 | D:12     | Found a transporter.
 18478 | D:12     | Found a transporter.
 18563 | D:12     | Received a gift from Trog
 18885 | D:13     | Reached skill level 15 in Fighting
 19028 | D:13     | Found a gate to the Vaults.
 19078 | D:13     | Reached skill level 15 in Armour
 19185 | D:13     | Identified the ring "Pex Veug" {+Blink rC++ rCorr SInv}
                  | (You found it on level 12 of the Dungeon)
 19522 | D:14     | Identified +0 acid dragon scales
 20104 | D:15     | Entered Level 15 of the Dungeon
 20213 | D:15     | Received a gift from Trog
 20444 | D:15     | Found a staircase to the Depths.
 20444 | D:15     | Noticed a fire giant
 20547 | D:15     | Killed a fire giant
 20547 | D:15     | Reached skill level 16 in Fighting
 21013 | Shoals:1 | Entered Level 1 of the Shoals
 21339 | Shoals:1 | Reached skill level 23 in Axes
 21605 | Shoals:1 | Found Jaroemish's General Store.
 21964 | Shoals:3 | Noticed Nikola
 22742 | Shoals:2 | Received a gift from Trog
 23046 | Shoals:2 | Reached XP level 16. HP: 96/152 MP: 9/15
 23353 | Shoals:3 | Noticed Kirke
 23357 | Shoals:2 | Reached skill level 3 in Dodging
 23384 | Shoals:2 | Killed Kirke
 23556 | Shoals:3 | Killed Nikola
 23816 | Shoals:3 | Noticed Ilsuiw
 23992 | Shoals:2 | Killed Ilsuiw
 23992 | Shoals:2 | Reached skill level 4 in Dodging
 24050 | Shoals:3 | Reached skill level 17 in Fighting
 24213 | Shoals:3 | Noticed Polyphemus
 24242 | Shoals:3 | Killed Polyphemus
 24242 | Shoals:3 | Reached skill level 5 in Dodging
 25217 | Shoals:3 | Received a gift from Trog
 25511 | Shoals:3 | Reached skill level 6 in Dodging
 25725 | Shoals:4 | Entered Level 4 of the Shoals
 25829 | Shoals:3 | HP: 15/155 [poisoned by a sea snake]
 25834 | Shoals:3 | HP: 10/155 [poisoned by a sea snake]
 25839 | Shoals:3 | HP: 8/155 [poisoned by a sea snake]
 25844 | Shoals:3 | HP: 7/155 [poisoned by a sea snake]
 25849 | Shoals:3 | HP: 7/155 [poisoned by a sea snake]
 25856 | Shoals:3 | HP: 10/155 [poisoned by a sea snake]
 25863 | Shoals:3 | HP: 13/155 [poisoned by a sea snake]
 26312 | Shoals:4 | Reached skill level 16 in Armour
 26414 | Shoals:4 | Identified the Papyrus of the Displaced Entourage
 27467 | Shoals:4 | HP: 14/235 [merfolk javelineer/silver javelin (20)]
 27469 | Shoals:4 | Hit by a silver javelin thrown by a merfolk javelineer

Vanquished Creatures
  Nikola (Shoals:3)
  Rupert (Lair:3)
  Polyphemus (Shoals:3)
  Gastronok (Lair:2)
  Kirke (Shoals:2)
  Ilsuiw (Shoals:2)
  A fire giant (D:15)
  An orc warlord (Orc:2)
  Snorg (D:10)
  3 merfolk impalers
  An ogre mage (D:13)
  Josephine (Lair:5)
  5 merfolk javelineers
  3 hydras
  Harold (D:7)
  6 catoblepae
  Erica (D:10)
  6 two-headed ogres
  2 merfolk aquamancers
  An alligator snapping turtle (Shoals:3)
  2 satyrs
  A merfolk avatar (Shoals:4)
  A tengu warrior (D:15)
  9 death yaks
  2 centaur warriors (D:13)
  5 orc high priests
  Urug (D:12)
  Nergalle (Orc:2)
  3 skeletal warriors (D:15)
  3 unseen horrors
  11 sea snakes
  2 infernal demonspawn (Orc:2)
  A torturous demonspawn (Orc:2)
  A wizard (D:15)
  The ghost of SkaryMonk the Summoner, a novice OpSu of Sif Muna (D:9)
  9 orc knights
  15 harpies
  6 fauns
  11 orc sorcerers
  3 ugly things (D:14)
  15 manticores
  3 cyclopes
  2 deep elf magi
  9 elephants
  A rust devil (Orc:2)
  2 centaur zombies
  Joseph (D:8)
  4 black mambas
  12 merfolk sirens
  7 water nymphs
  An orange demon (Orc:2)
  6 spiny frogs
  2 kobold demonologists
  A freezing wraith (D:14)
  2 rime drakes
  An efreet (D:13)
  8 komodo dragons
  A red devil (Orc:2)
  2 hellwings (Orc:2)
  23 merfolk
  2 polar bears
  2 wind drakes
  6 trolls
  5 blink frogs (Lair:4)
  A hornet (D:13)
  10 hippogriffs
  4 snapping turtles
  8 dream sheep
  A shadow (D:7)
  9 water elementals
  55 yaks
  A human (D:9)
  7 hogs
  Grum (D:8)
  A hungry ghost (D:13)
  6 wyverns
  A ynoxinul (Orc:2)
  7 wraiths
  6 basilisks
  A neqoxec (Orc:2)
  2 vampire mosquitoes (D:14)
  Edmund (D:5)
  Menkaure (D:5)
  3 acid dragons
  16 water moccasins
  4 wargs
  9 porcupines
  3 ice beasts
  40 orc warriors
  4 sky beasts
  A hornet zombie (D:9)
  2 necrophages
  A phantom (D:6)
  2 black bears
  2 eyes of draining
  8 wolves
  10 centaurs
  13 ogres
  12 crocodiles
  15 bullfrogs
  A big kobold (D:12)
  A wyvern zombie (D:10)
  2 scorpions
  Dowan (D:7)
  5 killer bees (D:13)
  2 howler monkeys
  8 wights
  5 crimson imps
  3 quasits
  9 hounds
  37 orc priests
  19 orc wizards
  A bullfrog skeleton (D:5)
  3 bullfrog zombies
  5 centaur skeletons
  4 jellies
  3 iguanas
  7 hell rats (Lair:4)
  2 worker ants
  A hound zombie (D:9)
  A hound skeleton (D:5)
  A howler monkey zombie (D:6)
  3 worker ant zombies
  21 adders
  11 gnolls
  8 shadow imps
  3 oozes
  An adder zombie (D:6)
  2 worms
  5 dart slugs
  5 leopard geckos
  113 orcs
  5 bats
  6 giant cockroaches
  9 goblins
  8 hobgoblins
  7 jackals
  6 quokkas
  A ball python (Lair:3)
  5 frilled lizards
  2 giant cockroach zombies (D:5)
  A jackal zombie (D:6)
  4 kobolds
  A leopard gecko zombie (D:5)
  2 quokka skeletons
  A quokka zombie (D:2)
  7 rats
  3 fungi
  16 plants
  A withered plant (Shoals:3)
891 creatures vanquished.

Vanquished Creatures (others)
  A quokka (D:4)
  8 fungi (Lair:6)
  9 plants
18 creatures vanquished.

Grand Total: 909 creatures vanquished
